 Dungeon Crawl Stone Soup version 0.19.1-1-g22dce08 (webtiles) character file.

111 Messajah the Slasher (level 4, 0/40 HPs)
             Began as a Minotaur Fighter on Jan 18, 2017.
             Killed by nerve-wracking pain
             ... invoked by an orc priest
              (12 damage)
             ... on level 2 of the Dungeon.
             The game lasted 00:22:54 (2967 turns).

Messajah the Slasher (Minotaur Fighter)             Turns: 2967, Time: 00:22:55

Health: 0/40       AC:  6    Str: 20    XL:     4   Next: 62%
Magic:  3/3        EV:  7    Int:  5    God:
Gold:   92         SH:  9    Dex: 11    Spells: 0 memorised, 3 levels left

rFire  . . .     SeeInvis .     p - -1 short sword (curse)
rCold  . . .     Gourm    .     b - +0 scale mail
rNeg   . . .     Faith    .     c - +0 shield
rPois  .         Spirit   .     (helmet restricted)
rElec  .         Reflect  .     (no cloak)
rCorr  .         Harm     .     (no gloves)
MR     .....                    (no boots)
Stlth  ..........               (no amulet)
                                (no ring)
                                (no ring)

@: no status effects
A: retaliatory headbutt, horns 2
a: no special abilities


You were on level 2 of the Dungeon.
You were hungry.

You visited 1 branch of the dungeon, and saw 3 of its levels.

You collected 92 gold pieces.

Inventory:

Hand Weapons
 a - a +1 long sword
 k - a +0 dagger of speed
 p - a cursed -1 short sword (weapon)
Missiles
 l - 11 needles of sleeping
Armour
 b - a +0 scale mail (worn)
 c - a +0 shield (worn)
 i - a +0 ring mail
Scrolls
 o - a scroll of enchant weapon
Potions
 d - 2 potions of might
 e - a potion of haste
 h - 2 potions of magic
 j - a potion of heal wounds {unknown}
 n - 2 potions of ambrosia {unknown}
 q - a potion of degeneration {unknown}
 s - a potion of resistance {unknown}
 t - a potion of brilliance {unknown}
 w - a potion of invisibility {unknown}
Books
 x - Jessica's Handbook of Displacement
   (You found it on level 2 of the Dungeon)

   Spells                             Type                      Level
   a - Blink                          Translocation                2
Comestibles
 f - a bread ration
 m - a meat ration


   Skills:
 - Level 3.9 Fighting
 + Level 5.8 Long Blades
 - Level 3.6 Armour
 - Level 3.6 Shields


You had 3 spell levels left.
You didn't know any spells.

Dungeon Overview and Level Annotations

Branches:
Dungeon (3/15)

Altars:
Kikubaaqudgha
Nemelex Xobeh
Uskayaw

Annotations:
D:2 Robin


Innate Abilities, Weirdness & Mutations

You reflexively headbutt those who attack you in melee.
You have a pair of horns on your head.


Message History

g - Guard the area. f - Follow me.
Anything else - Cancel.
Okay, then.
Unknown command.
Robin's bangles clink loudly.
All of the chunks of flesh in your inventory have rotted away.
The goblin no longer looks unusually strong.
You closely miss the goblin. You block the goblin's attack.
Your shield prevents you from hitting the goblin.
You block the goblin's attack.
You hit the goblin.
You kill the goblin!
Robin's horned helmet rattles.
The orc priest looks satisfied for a moment.
You hit the orc priest.
The orc priest is almost dead.
Robin closely misses you.
The orc priest calls down the wrath of Beogh upon you.
Pain shoots through your body!
You die...

##....#.#########
#.......#...#
#.......###.#
#...........#####
#................
#........###.....
#..........#.....
########og....#..##.....
#......@†##.#.....+.....
####.#......#o##..#...).
#.#.#.####.....#..w>.
#...#.#.....g..#.g..)
#####.##.####..#.....
#.##.#....w'.....
#.##.#.#.#.#.....
#......#.#.#.####
####...#.#.#.#


You could see Robin and an orc priest.

Vanquished Creatures
  Jessica (D:2)
  3 adders (D:2)
  2 dart slugs
  A leopard gecko (D:1)
  3 orcs (D:3)
  3 giant cockroaches
  7 hobgoblins
  2 kobolds (D:2)
  2 quokkas (D:2)
  8 bats
  3 frilled lizards
  8 goblins
  6 rats
49 creatures vanquished.

Notes
Turn   | Place    | Note
-------+----------+-------------------------------------------
     0 | D:1      | Messajah the Minotaur Fighter began the quest for the Orb.
     0 | D:1      | Reached XP level 1. HP: 19/19 MP: 0/0
   566 | D:1      | Reached skill level 3 in Long Blades
   658 | D:1      | Reached XP level 2. HP: 27/27 MP: 1/1
   739 | D:1      | Found a sparkling altar of Nemelex Xobeh.
  1427 | D:2      | Found a hide-covered altar of Uskayaw.
  1576 | D:2      | Noticed Jessica
  1580 | D:2      | Killed Jessica
  1580 | D:2      | Reached skill level 4 in Long Blades
  1580 | D:2      | Reached XP level 3. HP: 33/33 MP: 2/2
  1614 | D:2      | Identified Jessica's Handbook of Displacement
  1728 | D:2      | Reached skill level 5 in Long Blades
  2412 | D:2      | Reached XP level 4. HP: 40/40 MP: 3/3
  2484 | D:3      | Found an ancient bone altar of Kikubaaqudgha.
  2656 | D:3      | Noticed Robin
  2967 | D:2      | Killed from afar by an orc priest

Skill      XL: |  1  2  3 |
---------------+----------+-----
Long Blades    | 3 4 5 |  5.8
Fighting       | |  3.9
Armour         | |  3.6
Shields        | |  3.6

Action                   |  1- 3 |  4- 6 || total
-------------------------+-------+-------++-------
Melee: Long sword        |    67 |       ||    67
       Headbutt          |    11 |    11 ||    22
       Short sword       |     1 |    82 ||    83
  Use: Scroll            |     7 |     1 ||     8
       Potion            |     1 |       ||     1
  Eat: Chunk             |     4 |     2 ||     6
Armor: Scale mail        |    25 |    34 ||    59
Dodge: Dodged            |    21 |    32 ||    53
Block: Shield            |    36 |    71 ||   107
       Rpst.: Long sword |    10 |       ||    10
